 Dungeon Crawl Stone Soup version 0.30.0-29-ga12c61a403 (webtiles) character file.

Game seed: 12313181025358972539

9769 cheesebisquit the Grappler (level 11, -6/109 HPs)
             Began as a Troll Fighter on June 9, 2023.
             Was a Believer of Wu Jian.
             Mangled by a white ugly thing (35 damage)
             ... on level 11 of the Dungeon.
             The game lasted 00:48:02 (10668 turns).

cheesebisquit the Grappler (Troll Fighter)         Turns: 10668, Time: 00:48:02

Health: -6/109     AC:  7    Str: 26    XL:     11   Next: 27%
Magic:  1/1        EV: 11    Int:  8    God:    Wu Jian [**....]
Gold:   188        SH: 17    Dex: 17    Spells: 6/10 levels left

rFire   . .          .
                       - Unarmed
rCold   . . .        e - +1 kite shield {reflect}
rNeg    + + +        i - +2 robe {Will+}
rPois   +            b - +1 hat
rElec   .            (no cloak)
rCorr   +            (gloves unavailable)
SInv    .            (boots unavailable)
Will    +....        O - amulet of reflection
Stlth   ++           x - ring of Meohyngo {rPois rN+++ rCorr MP-9 Dex+2}
HPRegen 1.18/turn    n - +6 ring of dexterity
MPRegen 0.07/turn

%: reflection
@: mighty, about to teleport, on berserk cooldown, slowed, very slow
A: large, unfitting armour, claws 3, regeneration 1, shaggy fur 1, tough skin 1
a: Renounce Religion, Wall Jump


You were on level 11 of the Dungeon.
You worshipped Wu Jian.
Wu Jian was pleased with you.
You visited 2 branches of the dungeon, and saw 12 of its levels.

You collected 741 gold pieces.
You spent 553 gold pieces at shops.

Inventory:

Hand Weapons
 A - a +1 hand axe of venom
 C - a +2 giant spiked club
 I - a +1 spear of venom
 S - a +0 antimagic dagger
Missiles
 h - 6 boomerangs (quivered)
 j - 8 large rocks
 v - 16 poisoned darts
 B - 2 silver boomerangs
 D - 2 boomerangs of dispersal
 U - 3 javelins
Armour
 b - a +1 hat (worn)
 e - a +1 kite shield of reflection (worn)
 i - a +2 robe of willpower (worn)
 J - +0 steam dragon scales
 T - the orb "Moplenoz" {mayhem, rElec}
   (You found it on level 9 of the Dungeon)

   rElec:     It insulates you from electricity.
Jewellery
 a - a +4 ring of protection
 f - a ring of magical power
 n - a +6 ring of dexterity (right claw)
 r - a ring of protection from cold
 t - a ring of fire
 x - the ring of Meohyngo (left claw) {rPois rN+++ rCorr MP-9 Dex+2}
   (You found it on level 4 of the Dungeon)

   [ring of resist corrosion]

   Dex:       It affects your dexterity (+2).
   rPois:     It protects you from poison.
   rN:        It renders you almost immune to negative energy.
   MP:        It affects your magic capacity (-9).
   rCorr:     It protects you from acid and corrosion.
 O - an amulet of reflection (around neck)
Wands
 k - a wand of charming (7)
 y - a wand of polymorph (6)
 H - a wand of mindburst (9)
 K - a wand of iceblast (7)
 N - a wand of flame (15)
Scrolls
 l - a scroll of fog
 m - a scroll of poison
 q - a scroll of torment {unknown}
 F - a scroll of magic mapping
 L - a scroll of amnesia {unknown}
 M - a scroll of silence {unknown}
 R - a scroll of vulnerability {unknown}
Potions
 c - 4 potions of magic
 d - 3 potions of lignification
 g - 6 potions of curing
 s - 7 potions of brilliance
 w - 2 potions of mutation
 z - a potion of ambrosia
 Q - a potion of flight
 V - 2 potions of resistance
Miscellaneous
 P - a lightning rod (4/4)


   Skills:
 + Level 7.0 Fighting
 + Level 5.1 Dodging
 + Level 7.7 Shields
 * Level 11.4 Unarmed Combat
 + Level 4.6 Translocations


You had 6 spell levels left.
You knew the following spells:

 Your Spells              Type           Power      Damage    Failure   Level
a - Blink                 Tloc           14%        N/A       19%         2
b - Lesser Beckoning      Tloc           14%        N/A       19%         2

Your spell library contained the following spells:

 Spells                   Type           Power      Damage    Failure   Level
 Momentum Strike          Conj/Tloc      6%         3d8       43%         2
 Beastly Appendage        Tmut           0%         N/A       61%         1
 Magic Dart               Conj           0%         1d3       61%         1
 Volatile Blastmotes      Fire/Tloc      6%         2d10      67%         3
 Cigotuvi's Dreadful Rot  Necr/Pois/Air  0%         N/A       75%         2
 Searing Ray              Conj           0%         2d4       75%         2
 Static Discharge         Conj/Air       0%         2-2/arc   75%         2
 Sublimation of Blood     Necr           0%         N/A       75%         2
 Wereblood                Tmut           0%         N/A       75%         2
 Dazzling Flash           Conj/Hex       0%         N/A       93%         3
 Spider Form              Tmut/Pois      0%         N/A       93%         3
 Iskenderun's Mystic Bla  Conj/Tloc      3%         2d3       97%         4
 Airstrike                Air            0%         2d(0-16)  100%        4
 Dispel Undead            Necr           0%         3d6       100%        4
 Fulminant Prism          Conj/Hex       0%         3d5       100%        4
 Petrify                  Tmut/Erth      0%         N/A       100%        4
 Summon Lightning Spire   Summ/Air       0%         N/A       100%        4
 Irradiate                Conj/Tmut      0%         3d11      100%        5
 Death Channel            Necr           0%         N/A       100%        6
 Starburst                Conj/Fire      0%         6d3       100%        6


Dungeon Overview and Level Annotations

Branches:
Dungeon (11/15)            Temple (1/1) D:7            Lair (0/5) D:8
    Orc (0/2) D:11

Altars:
Ashenzari
Cheibriados
Dithmenos
Elyvilon
Fedhas
Gozag
Hepliaklqana
Kikubaaqudgha
Makhleb
Nemelex Xobeh
Okawaru
Qazlal
Ru
Sif Muna
Trog
Uskayaw
Vehumet
Wu Jian
Xom
Yredelemnul
Zin
The Shining One

Shops:
D:5 *   D:9 *   D:10 *   D:11 [(

Annotations:
D:8 3 runed translucent doors, Triskal's ghost, novice DsGl


Innate Abilities, Weirdness & Mutations

You are too large for most types of armour.
You have claws for hands.
Your natural rate of healing is unusually fast.
You are covered in fur. (AC +1)
You have tough skin. (AC +1)


Message History

The tengu warrior hits you with a +0 war axe.
You block the tengu warrior's attack. x2
You scratch the tengu warrior.
The tengu warrior is severely wounded.
You closely miss the tengu warrior.
The tengu warrior is severely wounded.
You block the tengu warrior's attack.
The tengu warrior pecks you but does no damage.
You block the tengu warrior's attack. The tengu warrior blocks your attack.
The tengu warrior is severely wounded.
The tengu warrior hits you with a +0 war axe!
You block the tengu warrior's attack. x2
You mangle the tengu warrior!!
You kill the tengu warrior!
The Council accepts your kill.
You are too berserk!
You lunge at the white ugly thing.
You closely miss the white ugly thing.
You block the white ugly thing's attack.
You claw the white ugly thing!
The white ugly thing is lightly wounded.
You block the white ugly thing's attack.
You closely miss the white ugly thing.
The white ugly thing is lightly wounded.
You are no longer berserk.
You are exhausted.
You feel yourself slow down.
Okay, then.
There is nothing to wall jump against here.
You closely miss the white ugly thing.
The white ugly thing is lightly wounded.
The white ugly thing stings you. The white ugly thing freezes you!!
You block the white ugly thing's attack.
Okay, then.
Okay, then.
As you read the scroll of teleportation, it crumbles to dust.
You feel strangely unstable. The white ugly thing stings you.
* * * LOW HITPOINT WARNING * * *
The white ugly thing freezes you!!
You die...

... #..#
#?.. #..#
#..# ##..#
#.u#
###@##.#
##....#.#
##..#)##.#
#..##'#.
.##. # .
#.##).. ..
B.
#..####.
.##. #.
##..#.##.#
. #.#
##....#.#
#. #
##..##.#
.# #


You could see a white ugly thing.

Vanquished Creatures
  Erica (D:9)
  A tengu warrior (D:11)
  A cyclops (D:11)
  An ugly thing (D:10)
  A gargoyle (D:11)
  Maggie (D:8)
  An unseen horror zombie (D:9)
  Grinder (D:6)
  Sigmund (D:3)
  2 wraiths
  2 vampires (D:10)
  A wyvern (D:7)
  2 steam dragons (D:7)
  3 wargs (D:8)
  2 water moccasins
  2 ice beasts (D:6)
  5 orc warriors
  A black bear (D:8)
  A hornet zombie (D:8)
  A sky beast (D:7)
  An ogre (D:5)
  4 centaurs
  A kobold brigand (D:6)
  2 phantoms (D:4)
  5 bullfrogs
  3 necrophages (D:9)
  4 gnoll sergeants
  A scorpion (D:5)
  15 wights
  16 killer bees
  3 howler monkeys (D:9)
  A centaur zombie (D:9)
  7 hounds
  5 orc priests
  A human zombie (D:9)
  A jelly (D:7)
  An iguana (D:5)
  A sleepcap (D:7)
  8 orc wizards
  A howler monkey zombie (D:8)
  A mummy (D:9)
  18 gnolls
  12 adders
  3 river rats (D:3)
  2 shadow imps
  A white imp (D:6)
  2 ufetubi
  5 worms
  2 dart slugs
  40 orcs
  14 ball pythons
  8 bats
  7 endoplasms
  2 giant cockroaches (D:3)
  3 goblins (D:2)
  13 hobgoblins
  11 jackals
  4 quokkas
  3 frilled lizards
  14 kobolds
  5 rats
282 creatures vanquished.

Vanquished Creatures (others)
  An orc (D:7)
1 creature vanquished.

Grand Total: 283 creatures vanquished

Notes
Turn   | Place    | Note
-------+----------+-------------------------------------------
     0 | D:1      | cheesebisquit the Troll Fighter began the quest for the
                  | Orb.
     0 | D:1      | Reached XP level 1. HP: 22/22 MP: 0/0
   136 | D:1      | Reached XP level 2. HP: 29/29 MP: 1/1
   408 | D:1      | You fall into a shaft and drop 1 floor!
   417 | D:2      | Reached XP level 3. HP: 29/36 MP: 2/2
   495 | D:2      | Reached skill level 3 in Unarmed Combat
  1074 | D:2      | Reached XP level 4. HP: 44/44 MP: 3/3
  1394 | D:3      | Reached skill level 4 in Unarmed Combat
  1394 | D:3      | Reached XP level 5. HP: 33/53 MP: 4/4
  1721 | D:3      | Noticed Sigmund
  1947 | D:3      | Killed Sigmund
  1948 | D:3      | Reached XP level 6. HP: 61/61 MP: 5/5
  2083 | D:3      | Reached skill level 5 in Unarmed Combat
  2323 | D:3      | Found a sacrificial altar of Ru.
  2593 | D:4      | Reached XP level 7. HP: 68/68 MP: 6/6
  2845 | D:4      | Identified the ring of Meohyngo {rPois rN+++ rCorr MP-9
                  | Dex+2}
  3076 | D:5      | Entered Level 5 of the Dungeon
  3164 | D:5      | Found Toleil's General Store.
  3304 | D:4      | Reached skill level 6 in Unarmed Combat
  3948 | D:5      | Reached skill level 5 in Shields
  3948 | D:5      | Reached XP level 8. HP: 79/79 MP: 0/7
  4093 | D:6      | Learned a level 2 spell: Blink
  4096 | D:6      | Learned a level 2 spell: Lesser Beckoning
  4140 | D:6      | Reached skill level 7 in Unarmed Combat
  4163 | D:6      | Noticed Grinder
  4168 | D:6      | Paralysed by Grinder for 4 turns
  4173 | D:6      | Paralysed by Grinder for 3 turns
  4183 | D:6      | Killed Grinder
  4310 | D:6      | Reached skill level 1 in Translocations
  4437 | D:6      | Reached skill level 5 in Fighting
  4501 | D:6      | Reached skill level 8 in Unarmed Combat
  4510 | D:6      | Found a hazy altar of Hepliaklqana.
  4898 | D:6      | Reached XP level 9. HP: 87/88 MP: 0/8
  5944 | D:7      | Found a broken altar of Ashenzari.
  5976 | D:7      | Found a shimmering blue altar of Sif Muna.
  6034 | D:7      | Reached skill level 9 in Unarmed Combat
  6202 | D:7      | Found a staircase to the Ecumenical Temple.
  6216 | Temple   | Entered the Ecumenical Temple
  6216 | Temple   | Found a transporter.
  6216 | Temple   | Found a transporter.
  6218 | Temple   | Found a transporter.
  6218 | Temple   | Found a transporter.
  6238 | Temple   | Became a worshipper of the Wu Jian Council
  6383 | D:8      | Found a staircase to the Lair.
  6741 | D:8      | Reached XP level 10. HP: 56/98 MP: 0/9
  6755 | D:8      | Noticed Maggie
  6933 | D:8      | Killed Maggie
  6972 | D:8      | Found a glowing golden altar of the Shining One.
  7284 | D:8      | Found a runed translucent gate.
  7284 | D:8      | Found a runed translucent gate.
  7284 | D:8      | Found a runed translucent gate.
  7284 | D:8      | Noticed Triskal's ghost (novice DsGl)
  7286 | D:8      | Found a basalt altar of Yredelemnul.
  7553 | D:9      | Reached * piety under Wu Jian
  7584 | D:9      | Noticed Erica
  7594 | D:9      | Killed Erica
  7595 | D:9      | Reached skill level 10 in Unarmed Combat
  7994 | D:9      | Identified the orb "Moplenoz" {mayhem, rElec}
  8230 | D:9      | Found an ancient bone altar of Kikubaaqudgha.
  8272 | D:9      | Found Gado's Lightly-Used Armoury.
  8355 | D:9      | Found a snail-covered altar of Cheibriados.
  8445 | D:10     | Entered Level 10 of the Dungeon
  8492 | D:10     | Found a stormy altar of Qazlal.
  8605 | D:10     | Found Yligoma's Changing Room.
  8616 | D:10     | Identified the +5 trident of Compound Interest {drain, rN+}
  8645 | D:10     | Reached ** piety under Wu Jian
  9398 | D:10     | Reached skill level 11 in Unarmed Combat
  9553 | D:11     | Noticed a boulder beetle
  9562 | D:11     | Noticed a centaur warrior
  9570 | D:11     | Found Kesitsao's Weapon Emporium.
  9572 | D:11     | Found a staircase to the Orcish Mines.
  9574 | D:11     | Found Allyfi's Armour Emporium.
  9575 | D:11     | Noticed a skeletal warrior
  9590 | D:11     | Noticed a cyan ugly thing
  9735 | D:10     | Reached XP level 11. HP: 89/107 MP: 1/10
  9837 | D:10     | Found a stormy altar of Qazlal.
 10135 | D:10     | Killed a cyan ugly thing
 10212 | D:10     | Found Yligoma's Changing Room.
 10455 | D:11     | Noticed a skeletal warrior
 10572 | D:11     | Bought a +1 hat for 143 gold pieces
 10585 | D:11     | Bought 6 boomerangs for 180 gold pieces
 10589 | D:11     | Bought a +2 robe of willpower for 230 gold pieces
 10611 | D:11     | Reached skill level 5 in Dodging
 10636 | D:11     | Noticed a tengu warrior
 10655 | D:11     | Noticed a white ugly thing
 10662 | D:11     | Killed a tengu warrior
 10668 | D:11     | Mangled by a white ugly thing

Illustrated notes

Levels and vault maps discovered:
D:1:      ncdulo_lavacross, layout_basic
D:2:      layout_rooms
D:3:      layout_basic, nicolae_ru_path_of_blood, portal_sewer_entry_e,
          nicolae_eternal_life, uniq_sigmund
D:4:      layout_cave_pools, kennysheep_minor_cross, minmay_checkerbox
D:5:      layout_rooms, serial_shops, nicolae_shop_hallway_plus
D:6:      layout_basic, amcnicky_altar_gilded, patterned_corridor, uniq_grinder
D:7:      layout_basic, mainiacjoe_overflow_two_lobes, temple_green,
          kennysheep_another_room
D:8:      layout_rooms, nicolae_tso_swordbearing_angel,
          nicolae_yredelemnul_ghost_church, erik_lair_orcish_takeover,
          roderic_roman_lattice, uniq_maggie
D:9:      layout_loops_ring, lemuel_mausoleum_altar_kikubaaqudgha,
          chei_slow_surprise, minmay_shop_damaged, uniq_erica
D:10:     layout_irregular_city, grunt_qazlal_sundering,
          nicolae_transmutations_shop
D:11:     layout_rooms, orc_david_3, minmay_fractal_squares_gapless_7
Temple:   hellmonk_temple_divided_pantheon

Skill      XL: |  1  2  3  4  5  6  7  8  9 10 11 |
---------------+----------------------------------+-----
Shields        | 3 4 5 6 7 |  7.7
Unarmed Combat | 3 4 5 6 8 9 11 | 11.4
Fighting       | 3 4 5 6 7 |  7.0
Translocations | 2 3 4 |  4.6
Dodging        | 3 4 5 |  5.1

Action                     |  1- 3 |  4- 6 |  7- 9 | 10-12 || total
---------------------------+-------+-------+-------+-------++-------
  Melee: Unarmed           |   142 |   162 |   312 |   242 ||   858
         Hand axe          |       |       |    13 |    50 ||    63
  Throw: Boomerang         |       |       |    12 |    13 ||    25
         Dart              |       |       |     6 |    14 ||    20
         Large rock        |       |       |     1 |       ||     1
Ability: Lunge             |       |       |     2 |    25 ||    27
         Whirlwind         |       |       |       |     3 ||     3
  Evoke: Wand              |       |       |       |     4 ||     4
    Use: Potion            |       |     1 |       |     5 ||     6
         Scroll            |       |     4 |     3 |    23 ||    30
   Stab: Sleeping          |     1 |     2 |       |     1 ||     4
 Armour: Robe              |    41 |    45 |    47 |     1 ||   134
         Steam dragon scal |       |       |    32 |    52 ||    84
  Dodge: Dodged            |    42 |    45 |   129 |    65 ||   281
  Block: Kite shield       |    54 |    67 |   155 |   199 ||   475
         Reflection        |       |       |       |     5 ||     5
